 Dungeon Crawl Stone Soup version 0.30.0-19-g36f170ea60 (webtiles) character file.

Game seed: 9870300919414236655

422 Josd the Trooper (level 6, 0/39 HPs)
             Began as a Gargoyle Monk on May 29, 2023.
             Splashed by a jelly's acid (7 damage)
             ... on level 4 of the Dungeon.
             The game lasted 00:10:50 (2651 turns).

Josd the Trooper (Gargoyle Monk)                    Turns: 2651, Time: 00:10:51

Health: 0/39       AC:  0    Str: 14    XL:     6   Next: 95%
Magic:  6/6        EV: 13    Int: 11    God:
Gold:   212        SH:  0    Dex: 14    Spells: 5/5 levels left

rFire   . . .        s - +2 war axe (elec)
rCold   . . .        d - orb {light}
rNeg    + . .        a - +0 robe of Vehumet's Reproof {Rampage}
rPois   ∞            f - +0 helmet
rElec   +            p - +2 cloak
rCorr   .            n - +0 pair of gloves
SInv    .            e - +0 pair of boots
Will    .....        y - amulet of the acrobat
Stlth   +            g - ring of flight
HPRegen 0.26/turn    (no ring)
MPRegen 0.10/turn

%: acrobat, rampage
@: corroded, flying, glowing
A: sickness immunity, AC +4, negative energy resistance 1, electricity
resistance, torment resistance 1, petrification resistance
a: no special abilities


You were on level 4 of the Dungeon.
You visited 1 branch of the dungeon, and saw 4 of its levels.

You collected 212 gold pieces.

Inventory:

Hand Weapons
 s - a +2 war axe of electrocution (weapon)
Missiles
 r - 16 stones
 u - 3 poisoned darts (quivered)
Armour
 a - the +0 robe of Vehumet's Reproof (worn) {Rampage}
   (You found it on level 4 of the Dungeon)

   Rampage:   It bestows one free step when moving towards enemies.
 d - an orb of light (worn)
 e - a +0 pair of boots (worn)
 f - a +0 helmet (worn)
 n - a +0 pair of gloves (worn)
 p - a +2 cloak (worn)
 q - a +0 ring mail
Jewellery
 g - a ring of flight (left hand)
 y - an amulet of the acrobat (around neck)
Wands
 v - a wand of polymorph (8)
 w - a wand of flame (24)
Scrolls
 b - a scroll of teleportation {unknown}
 i - a scroll of poison {unknown}
 k - 3 scrolls of enchant armour
 m - a scroll of magic mapping {unknown}
 x - a scroll of enchant weapon {unknown}
Potions
 c - a potion of ambrosia
 h - 3 potions of invisibility
 j - 2 potions of curing
 l - a potion of attraction {unknown}
 o - 3 potions of might {unknown}
 t - a potion of degeneration {unknown}


   Skills:
 + Level 4.7 Fighting
 * Level 4.0(4.7) Axes
 - Level 4.0(5.0) Maces & Flails
 + Level 1.7 Armour
 + Level 3.0 Dodging
 + Level 0.4 Stealth


You had 5 spell levels left.
You didn't know any spells.
Your spell library contained the following spells:

 Spells                   Type           Power      Damage    Failure   Level
 Sting                    Tmut/Pois      0%         1d3       34%         1
 Poisonous Vapours        Pois/Air       0%         N/A       47%         2
 Olgreb's Toxic Radiance  Pois           0%         N/A       98%         4


Dungeon Overview and Level Annotations

Branches:
Dungeon (4/15)
 Temple: D:4-7

Altars:

Shops:
D:2 *


Innate Abilities, Weirdness & Mutations

You are immune to sickness and miasma.
Your stone body is resilient. (AC +4)
You are immune to poison.
You resist negative energy. (rN+)
You are resistant to electric shocks. (rElec)
You are resistant to unholy torment.
You are immune to petrification.


Message History

You pick up a Young Poisoner's Handbook and begin reading...
You add the spells Sting, Poisonous Vapours and Olgreb's Toxic Radiance to your library.
There is an open door here.
There is an open door here.
A jelly comes into view.
The jelly quivers.
You slash the jelly!
Your hands burn!
The jelly is lightly wounded.
The jelly closely misses you.
A jelly is nearby!
You hit the jelly. The acid corrodes you!
Your hands burn!
The jelly is moderately wounded.
The jelly hits you but does no damage.
You hit the jelly.
Your hands burn!
The jelly is moderately wounded.
The jelly hits you. The acid corrodes you!
You are splashed with acid!
The jelly hits you but does no damage.
You hit the jelly.
Your hands burn!
The jelly is heavily wounded.
The jelly hits you but does no damage.
You hit the jelly. Lightning courses through the jelly! The acid corrodes you!
Your hands burn!
The jelly is severely wounded.
The jelly closely misses you.
You are too injured to fight recklessly!
You are too injured to fight recklessly!
You hit the jelly.
Your hands burn!
The jelly is severely wounded.
The jelly completely misses you.
You hit the jelly.
Your hands burn!
The jelly is almost dead.
The jelly completely misses you. The jelly hits you.
You are splashed with acid!
* * * LOW HITPOINT WARNING * * *
Okay, then.
You feel better. The jelly hits you.
* * * LOW HITPOINT WARNING * * *
You are splashed with acid!
You die...

#..#...... #..#...[..
#####...##
#####.....#...#.
....#.....#...#. #
....#.....#...#. #..#####
....#.....#...#.
#..##..##J...#.....#####.
#.......@....#.....#...#.
#..##..##....#.....#.).#.
#..##..#######.....#'###.
#..##..##....#...........
#..##..##....#..........#
#...'...#....##'###.....#
#..##.........#...#.....#
#'###..##.........#.....#
#..##..##.....#...#.....#


You could see a jelly.

Vanquished Creatures
  Sigmund (D:3)
  An orc priest (D:3)
  Natasha (thrice) (D:3)
  2 orc wizards (D:3)
  3 adders
  2 worms
  3 dart slugs
  8 orcs (D:3)
  6 ball pythons
  3 bats (D:1)
  4 endoplasms
  5 giant cockroaches
  3 goblins
  7 hobgoblins
  A quokka (D:3)
  3 frilled lizards
  4 kobolds
  8 rats
67 creatures vanquished.

Notes
Turn   | Place    | Note
-------+----------+-------------------------------------------
     0 | D:1      | Josd the Gargoyle Monk began the quest for the Orb.
     0 | D:1      | Reached XP level 1. HP: 14/14 MP: 1/1
   133 | D:1      | Reached XP level 2. HP: 19/19 MP: 2/2
   772 | D:1      | Reached XP level 3. HP: 13/24 MP: 3/3
   945 | D:2      | Found Mariavat's General Store.
  1135 | D:2      | Reached XP level 4. HP: 28/29 MP: 4/4
  1483 | D:3      | Noticed Natasha
  1486 | D:3      | Reached skill level 1 in Axes
  1491 | D:3      | Killed Natasha
  1492 | D:3      | Reached XP level 5. HP: 32/33 MP: 5/5
  1628 | D:3      | Noticed Natasha
  1635 | D:3      | Killed Natasha
  1636 | D:3      | Reached skill level 1 in Armour
  1645 | D:3      | Noticed Sigmund
  1650 | D:3      | Killed Sigmund
  1651 | D:3      | Reached XP level 6. HP: 38/39 MP: 6/6
  1884 | D:3      | Identified the +0 cloak of the Vestibule of Hell {rF- rN+
                  | Int+2}
  1972 | D:3      | Noticed Natasha
  1978 | D:3      | Killed Natasha
  2267 | D:4      | Identified the +0 robe of Vehumet's Reproof {Rampage}
  2651 | D:4      | Splashed by a jelly's acid

Illustrated notes

Levels and vault maps discovered:
D:1:      onia_arrival_handbag, layout_basic, minmay_pentomino_x4
D:2:      layout_rooms, serial_shops, shop
D:3:      layout_basic, minmay_hedge_maze, uniq_natasha, uniq_sigmund
D:4:      layout_gridville, pdpol_wu_jian_five_deadly_venoms

Skill      XL: |  1  2  3  4  5  6 |
---------------+-------------------+-----
Maces & Flails | 4 |  4.0
Fighting       | 4 |  4.7
Axes           | 1 3 4 |  4.0
Armour         | 1 |  1.7
Dodging        | 3 |  3.0
Stealth        | |  0.4

Action                     |  1- 3 |  4- 6 || total
---------------------------+-------+-------++-------
  Melee: Mace              |   101 |       ||   101
         War axe           |     1 |    63 ||    64
    Use: Scroll            |       |     3 ||     3
         Potion            |       |     1 ||     1
 Armour: Robe              |    15 |     5 ||    20
         Chain mail        |    22 |       ||    22
         Ring mail         |    14 |    17 ||    31
  Dodge: Dodged            |    72 |    23 ||    95
